 Dungeon Crawl Stone Soup version 0.25.0-1-g7eea58d (webtiles) character file.

Game seed: 17102915441753504088

494 thesequoiad the Firebug (level 7, -2/52 HPs)
             Began as a Formicid Fire Elementalist on June 16, 2020.
             Slain by an orc wizard
             ... wielding a +0 dagger
              (3 damage)
             ... on level 4 of the Dungeon.
             The game lasted 00:24:17 (6433 turns).

thesequoiad the Firebug (FoFE)                      Turns: 6433, Time: 00:24:17

Health: -2/52      AC:  3    Str: 12    XL:     7   Next: 38%
Magic:  9/12       EV: 11    Int: 17    God:
Gold:   116        SH:  0    Dex: 11    Spells: 5/13 levels left

rFire    . . .     SeeInvis +   a - +2 dagger (venom)
rCold    . . .     Gourm    .   (no shield)
rNeg     . . .     Faith    .   s - +0 leather armour
rPois    .         Spirit   .   (helmet unavailable)
rElec    .         Reflect  .   (no cloak)
rCorr    .         Harm     .   (no gloves)
MR       .....                  (no boots)
Stlth    ++........             (no amulet)
HPRegen  0.17/turn              u - ring of flight
MPRegen  0.13/turn              (no ring)

@: no status effects
A: permanent stasis, dig shafts and tunnels, four strong arms, antennae 3
a: Dig, Shaft Self, Evoke Flight


You were on level 4 of the Dungeon.
You were not hungry.

You visited 1 branch of the dungeon, and saw 4 of its levels.

You collected 116 gold pieces.

Inventory:

Hand Weapons
 a - a +2 dagger of venom (weapon)
 b - a +0 vorpal falchion
 n - a cursed -3 dagger
 r - a +2 vampiric morningstar
Missiles
 j - 6 datura-tipped darts
 l - 4 poisoned darts (quivered)
Armour
 e - a +0 robe
 s - a +0 leather armour (worn)
Jewellery
 u - a ring of flight (left hand)
Scrolls
 k - 2 scrolls of remove curse
Potions
 f - a potion of magic
 o - a potion of mutation
 p - a potion of brilliance {unknown}
Comestibles
 c - 6 rations
 t - a chunk of flesh


   Skills:
 + Level 3.2 Fighting
 - Level 1.7 Dodging
 - Level 2.4 Stealth
 + Level 3.7 Spellcasting
 * Level 4.0 Conjurations
 * Level 4.7 Fire Magic


You had 5 spell levels left.
You knew the following spells:

 Your Spells              Type           Power        Failure   Level  Hunger
a - Foxfire               Conj/Fire      ###.         3%          1    None
b - Conjure Flame         Conj/Fire      ###.....     11%         3    ###....
c - Sticky Flame          Conj/Fire      ###.....     34%         4    ####...

Your spell library contained the following spells:

 Spells                   Type           Power        Failure   Level  Hunger
 Inner Flame              Hex/Fire       ##......     24%         3    ###....
 Fireball                 Conj/Fire      ###.......   67%         5    ######.


Dungeon Overview and Level Annotations

Branches:
Dungeon (4/15)
 Temple: D:4-7

Altars:

Annotations:
D:3 Sigmund


Innate Abilities, Weirdness & Mutations

You cannot be hasted, slowed, berserked, paralysed or teleported.
You can dig through walls and to a lower floor.
Your four strong arms can wield two-handed weapons with a shield.
You have a pair of large antennae on your head. (SInv)


Message History

The foxfire hits the orc wizard.
The orc wizard is severely wounded.
Your foxfire dissipates!
A frilled lizard comes into view.
The frilled lizard hisses angrily.
The orc wizard misses you.
Casting: Foxfire (safe; 3% risk of failure)
Confirm with . or Enter, or press ? or * to list all spells.
You conjure some foxfire!
The orc wizard hits you with a +0 dagger.
* * * LOW HITPOINT WARNING * * *
The orc wizard closely misses you.
The orc wizard is no longer moving quickly.
The foxfire hits the frilled lizard.
You kill the frilled lizard!
Unknown command.
You barely miss the orc wizard.
The orc wizard is almost dead.
The orc wizard hits you with a +0 dagger.
You die...

*,* *,,,, ##*************,* *,,,,
#.,,,,,{,,,,,,,,* **,,,
#####.***********,*** **,*
#.....####### *,* **,
*,***#§§....# *,* *,* *,*
#§####.# *,* **,* *,* #§#
#o#####.#** *,** *,* #§#
#@o......,* **+** #,* #§#
#######.#** *,,,* ****##.####§#
*,*** *,,,* ,,,,......§§# *,>,*
*,{,* *,,,.......o## ***** *****
*,**#..###.o{## *,*
#.,##.....#### ######## *,*
*,,#......{.(## ####.#.##.#
*,***,,##.....###.#####....#....#


You could see 2 orc wizards.

Vanquished Creatures
  A bullfrog skeleton (D:4)
  A hound (D:4)
  2 orc wizards (D:3)
  2 iguanas (D:4)
  2 worker ants (D:4)
  Natasha (thrice) (D:2)
  Terence (D:2)
  8 gnolls
  2 adders
  3 worms
  2 leopard geckos
  13 orcs
  4 giant cockroaches
  6 goblins
  9 hobgoblins
  A jackal (D:2)
  6 kobolds
  6 bats
  3 frilled lizards
  A leopard gecko skeleton (D:4)
  3 rats
79 creatures vanquished.

Vanquished Creatures (collateral kills)
  A frilled lizard (D:1)
1 creature vanquished.

Vanquished Creatures (others)
  235 foxfires
235 creatures vanquished.

Grand Total: 315 creatures vanquished

Notes
Turn   | Place    | Note
-------+----------+-------------------------------------------
     0 | D:1      | thesequoiad the Formicid Fire Elementalist began the quest
                  | for the Orb.
     0 | D:1      | Reached XP level 1. HP: 13/13 MP: 3/3
    13 | D:1      | Reached skill level 1 in Conjurations
   354 | D:1      | Reached XP level 2. HP: 20/20 MP: 0/5
  1088 | D:1      | Reached XP level 3. HP: 25/25 MP: 3/6
  1177 | D:2      | Noticed Terence
  1177 | D:2      | Noticed Natasha
  1234 | D:2      | Reached skill level 1 in Fighting
  1733 | D:2      | Reached XP level 4. HP: 9/32 MP: 3/8
  2068 | D:2      | Killed Terence
  2436 | D:2      | Reached XP level 5. HP: 38/38 MP: 4/9
  2703 | D:2      | Learned a level 3 spell: Conjure Flame
  2708 | D:2      | Learned a level 4 spell: Sticky Flame
  3273 | D:2      | Killed Natasha
  3424 | D:2      | Noticed Natasha
  3594 | D:2      | Killed Natasha
  3673 | D:2      | Reached XP level 6. HP: 16/44 MP: 4/10
  3974 | D:2      | Noticed Natasha
  3983 | D:2      | Killed Natasha
  4541 | D:3      | HP: 1/46 [orc/+0 club (4)]
  5211 | D:3      | Noticed Sigmund
  5890 | D:4      | Reached XP level 7. HP: 14/51 MP: 9/12
  6414 | D:4      | HP: 1/52 [orc wizard/magic dart (11)]
  6425 | D:4      | HP: 2/52 [orc wizard/+0 dagger (1)]
  6431 | D:4      | HP: 1/52 [orc wizard/+0 dagger (2)]
  6433 | D:4      | Slain by an orc wizard

Illustrated notes

Levels and vault maps discovered:
D:1:      minmay_arrival_three_doors, layout_loops_cross, minmay_heptomino_o4
D:2:      layout_basic, first_ration, nrook_loot_triangle,
          kennysheep_generic_room_11, uniq_terence, uniq_natasha
D:3:      layout_loops_corners, minmay_misc_feat_ornament, uniq_sigmund,
          uniq_ijyb
D:4:      layout_loops_ring, uniq_crazy_yiuf_cottage

Skill      XL: |  1  2  3  4  5  6  7 |
---------------+----------------------+-----
Conjurations   | 1 2 3 4 |  4.0
Fighting       | 1 2 3 |  3.2
Spellcasting   | 3 |  3.7
Fire Magic     | 4 |  4.7
Dodging        | |  1.7
Stealth        | |  2.4

Action                   |  1- 3 |  4- 6 |  7- 9 || total
-------------------------+-------+-------+-------++-------
Melee: Short sword       |     3 |       |       ||     3
       Dagger            |     5 |    37 |    19 ||    61
Throw: Dart              |       |    32 |     2 ||    34
 Cast: Foxfire           |    38 |    88 |     7 ||   133
       Conjure Flame     |       |       |     2 ||     2
  Use: Potion            |       |     2 |     1 ||     3
       Scroll            |       |     4 |     7 ||    11
 Stab: Sleeping          |     1 |     2 |     2 ||     5
  Eat: Chunk             |     3 |     7 |     1 ||    11
       Ration            |       |     2 |       ||     2
Armor: Robe              |     9 |    17 |       ||    26
       Leather armour    |       |    10 |     3 ||    13
Dodge: Dodged            |    32 |   130 |    15 ||   177
